 Dungeon Crawl Stone Soup version 0.28.0-53-g5a82cb258f (webtiles) character file.

Game seed: 16448602165616000033

211 sarahrogue the Chopper (level 5, -4/47 HPs)
             Began as a Hill Orc Fighter on June 9, 2022.
             Slain by a yak (6 damage)
             ... on level 4 of the Dungeon.
             The game lasted 00:20:42 (1588 turns).

sarahrogue the Chopper (Hill Orc Fighter)           Turns: 1588, Time: 00:20:43

Health: -4/47      AC: 12    Str: 21    XL:     5   Next: 88%
Magic:  5/5        EV:  6    Int:  8    God:
Gold:   7          SH:  4    Dex: 10    Spells: 4/4 levels left

rFire   . . .      SeeInvis .   a - +0 war axe
rCold   . . .      Faith    .   c - +0 buckler
rNeg    . . .      Spirit   .   s - +0 plate armour
rPois   .          Reflect  .   (no helmet)
rElec   .          Harm     .   (no cloak)
rCorr   .          Rampage  .   (no gloves)
Will    .....                   (no boots)
Stlth   ..........              (no amulet)
HPRegen 0.15/turn               (no ring)
MPRegen 0.09/turn               (no ring)

@: no status effects
A: no striking features
a: no special abilities


You were on level 4 of the Dungeon.
You visited 2 branches of the dungeon, and saw 7 of its levels.

You collected 7 gold pieces.

Inventory:

Hand Weapons
 a - a +0 war axe (weapon)
 f - a +0 whip
 h - a +0 dagger
 i - a +0 club
 n - a +0 long sword
 p - a +0 club
 q - a +0 falchion
Missiles
 e - 50 stones (quivered)
Armour
 b - a +0 scale mail
 c - a +0 buckler (worn)
 d - a +0 leather armour
 r - a +0 ring mail
 s - a +0 plate armour (worn)
Magical Staves
 j - a staff of air
Scrolls
 g - a scroll of teleportation {unknown}
 l - 2 scrolls of noise {unknown}
 o - 2 scrolls of identify {unknown}
 t - a scroll of fog {unknown}
Potions
 k - a potion of berserk rage {unknown}
 m - a potion of curing {unknown}


   Skills:
 + Level 4.5 Fighting
 + Level 5.1 Axes
 + Level 4.5 Armour
 + Level 0.3 Dodging
 + Level 4.1 Shields


You had 4 spell levels left.
You didn't know any spells.
Your spell library was empty.

Dungeon Overview and Level Annotations

Branches:
Dungeon (6/15)             Temple (1/1) D:4

Altars:

Annotations:
D:2 Natasha


Message History

The yak gores you!
The yak snorts and paws the ground.
You barely miss the yak.
The yak is moderately wounded.
You hit the yak but do no damage. The yak barely misses you.
You hit the yak.
The yak is lightly wounded.
The yak gores you!
You slash the yak!
The yak is moderately wounded.
The yak barely misses you. The yak completely misses you.
You hit the yak.
The yak is moderately wounded.
The yak gores you.
You hit the yak.
The yak is heavily wounded.
The yak gores you but does no damage.
You hit the yak but do no damage.
The yak is heavily wounded.
The yak gores you.
You slash the yak!
The yak is almost dead.
You block the yak's attack. The yak gores you!
* * * LOW HITPOINT WARNING * * *
The yak barely misses you. You block the yak's attack.
There is a stone staircase leading up here.
You climb upwards.
There is a stone staircase leading down here.
The yak gores you!
* * * LOW HITPOINT WARNING * * *
The yak gores you.
* * * LOW HITPOINT WARNING * * *
There are monsters nearby!
You hit the yak.
The yak is almost dead.
You hit the yak.
The yak is almost dead.
You hit the yak. The yak barely misses you. The yak gores you.
You die...

#### ...# ...# ...#
...# ...# ##########
...# #.....@..# #'##
#....YY..# ..#
#.....>..# ..#
#........#
..#########........#
..#........#########
..#........#
'##........#
..'........#


You could see 2 yaks.

Vanquished Creatures
  A black bear (D:5)
  A jelly (D:5)
  Natasha (D:2)
  An iguana (D:4)
  A hound skeleton (D:4)
  A howler monkey skeleton (D:2)
  A bat (D:1)
  2 endoplasms
  A giant cockroach (D:4)
  3 goblins
  2 hobgoblins (D:2)
  A quokka (D:5)
  3 ball pythons (D:2)
  A frilled lizard (D:2)
  A kobold (D:2)
  2 rats
23 creatures vanquished.

Notes
Turn   | Place    | Note
-------+----------+-------------------------------------------
     0 | D:1      | sarahrogue the Hill Orc Fighter began the quest for the
                  | Orb.
     0 | D:1      | Reached XP level 1. HP: 19/19 MP: 1/1
   203 | D:2      | Noticed Natasha
   211 | D:2      | Killed Natasha
   212 | D:2      | Reached skill level 3 in Axes
   212 | D:2      | Reached XP level 2. HP: 24/27 MP: 2/2
   212 | D:2      | Reached XP level 3. HP: 29/33 MP: 3/3
   656 | D:2      | Noticed Natasha
   698 | D:4      | Found a staircase to the Ecumenical Temple.
   709 | Temple   | Entered the Ecumenical Temple
   866 | D:4      | Reached XP level 4. HP: 14/40 MP: 4/4
  1182 | D:4      | Reached skill level 4 in Axes
  1258 | D:5      | Entered Level 5 of the Dungeon
  1258 | D:5      | Noticed a black bear
  1266 | D:5      | Reached XP level 5. HP: 31/47 MP: 5/5
  1267 | D:5      | Killed a black bear
  1268 | D:5      | Reached skill level 5 in Axes
  1552 | D:5      | Noticed a yak
  1552 | D:5      | Noticed a yak
  1553 | D:5      | Noticed a yak
  1554 | D:5      | Noticed a yak
  1556 | D:5      | Noticed a yak
  1585 | D:4      | HP: 1/47 [yak (2)]
  1588 | D:4      | Slain by a yak

Illustrated notes

Levels and vault maps discovered:
D:1:      minmay_arrival_shattered_statue, layout_basic
D:2:      layout_basic, dreamdust_ecumenical_altar_sealed_demon, uniq_natasha,
          uniq_crazy_yiuf_cottage
D:3:      layout_basic, okawaru_altar_gauntlet_db, corexii_leaking_fountain,
          minmay_misc_feat_five
D:4:      layout_gridville, minmay_temple_entry_ruins
D:5:      layout_loops_cross, general_overflow_altar, lemuel_doored_altar,
          serial_shops, shop, lemuel_flame_loot_1
D:6:      layout_cave_pods, jmf_multi_god_temple, biasface_ghost_orc_armoury,
          minivault_1, guppyfry_early_elven_hall
Temple:   jpeg_temple_island

Skill      XL: |  1  2  3  4  5 |
---------------+----------------+-----
Fighting       | 4 |  4.5
Axes           | 3 4 5 |  5.1
Armour         | 4 |  4.5
Shields        | 4 |  4.1
Dodging        | |  0.3

Action                   |  1- 3 |  4- 6 || total
-------------------------+-------+-------++-------
Melee: War axe           |    59 |    31 ||    90
  Use: Potion            |     1 |       ||     1
Armor: Scale mail        |    32 |     4 ||    36
       Leather armour    |     2 |       ||     2
       Plate armour      |       |    14 ||    14
Dodge: Dodged            |    21 |    17 ||    38
Block: Buckler           |    18 |    12 ||    30
